 Dungeon Crawl Stone Soup version 0.28.0 (webtiles) character file.

Game seed: 4739061791859592190

230 Kay the Chopper (level 6, -4/52 HPs)
             Began as a Hill Orc Fighter on Feb 12, 2022.
             Slain by a scorpion (7 damage)
             ... on level 4 of the Dungeon.
             The game lasted 00:05:28 (3022 turns).

Kay the Chopper (Hill Orc Fighter)                  Turns: 3022, Time: 00:05:29

Health: -4/52      AC:  8    Str: 19    XL:     6   Next: 3%
Magic:  6/6        EV:  8    Int:  8    God:
Gold:   62         SH:  9    Dex: 12    Spells: 5/5 levels left

rFire   + . .      SeeInvis .   a - +0 war axe
rCold   . . .      Faith    .   c - +0 kite shield
rNeg    . . .      Spirit   .   b - +0 scale mail
rPois   .          Reflect  .   (no helmet)
rElec   .          Harm     .   d - +0 cloak
rCorr   .          Rampage  .   (no gloves)
Will    .....                   (no boots)
Stlth   ..........              (no amulet)
HPRegen 0.17/turn               k - ring of protection from fire
MPRegen 0.10/turn               (no ring)

@: no status effects
A: no striking features
a: Convert to Beogh


You were on level 4 of the Dungeon.
You visited 1 branch of the dungeon, and saw 4 of its levels.

You collected 88 gold pieces.
You spent 26 gold pieces at shops.

Inventory:

Hand Weapons
 a - a +0 war axe (weapon)
Missiles
 f - 35 arrows
Armour
 b - a +0 scale mail (worn)
 c - a +0 kite shield (worn)
 d - a +0 cloak (worn)
Jewellery
 g - a ring of flight
 k - a ring of protection from fire (left hand)
Wands
 l - a wand of flame (19)
Scrolls
 e - 2 scrolls of vulnerability
 i - 2 scrolls of identify
 j - a scroll of noise
 m - 3 scrolls of immolation {unknown}
 n - a scroll of amnesia {unknown}
Potions
 o - a potion of berserk rage {unknown}
 p - a potion of might


   Skills:
 + Level 4.2 Fighting
 + Level 5.3 Axes
 + Level 4.6 Armour
 + Level 0.6 Dodging
 + Level 4.3 Shields


You had 5 spell levels left.
You didn't know any spells.
Your spell library contained the following spells:

 Spells                   Type           Power      Damage    Failure   Level
 Foxfire                  Conj/Fire      0%         2x1d4     98%         1
 Magic Dart               Conj           0%         1d3       98%         1
 Searing Ray              Conj           0%         2d4       99%         2
 Conjure Flame            Conj/Fire      0%         6-21      100%        3
 Inner Flame              Hex/Fire       0%         N/A       100%        3
 Flame Wave               Conj/Fire      0%         2d4       100%        4
 Fulminant Prism          Conj/Hex       0%         3d6       100%        4


Dungeon Overview and Level Annotations

Branches:
Dungeon (4/15)
 Temple: D:4-7

Altars:
Ru

Shops:
D:3 ?


Message History

The scorpion stings you but does no damage.
The orc priest closely misses you. The scorpion barely misses you.
You slash the orc!
You kill the orc!
You closely miss the scorpion.
The scorpion stings you but does no damage.
The orc priest mumbles some strange prayers to Beogh against you.
Beogh smites you!
The orc priest calls upon Beogh to heal the orc priest.
The orc priest is healed somewhat.
The scorpion stings you.
You are poisoned.
The scorpion poisons you!
The orc priest threatens, "By the altar or by the axe, you will meet Beogh!"
You closely miss the scorpion.
You feel very sick. The scorpion stings you.
* * * LOW HITPOINT WARNING * * *
The orc priest mumbles some strange prayers to Beogh against you.
Beogh smites you!
* * * LOW HITPOINT WARNING * * *
The scorpion stings you.
* * * LOW HITPOINT WARNING * * *
You are more poisoned.
The scorpion poisons you!
You feel better.
The orc priest hits you but does no damage.
The orc priest calls down the wrath of Beogh upon you.
Beogh smites you!
* * * LOW HITPOINT WARNING * * *
The scorpion stings you but does no damage.
The orc priest threatens, "By the altar or by the axe, you will meet Beogh!"
You barely miss the scorpion. You hit the orc priest.
The orc priest hits you but does no damage.
The scorpion closely misses you.
You hit the scorpion.
The scorpion is moderately wounded.
You closely miss the orc priest.
You hit the orc priest but do no damage.
The scorpion stings you!
You die...

.....###...##..
...............
........#<#.##.
.......<# #
........#
........#
..#+###.# .
#.....# ##@o..#
.(...wso...#
.......o...#
...........#
#######......
+..?...#
#.....##
......#


You could see a worm, a scorpion, 2 orc priests and an orc.

Vanquished Creatures
  Crazy Yiuf (D:2)
  Natasha (thrice) (D:3)
  An orc wizard (D:3)
  3 adders
  2 worms (D:3)
  2 orcs (D:4)
  5 endoplasms (D:1)
  4 giant cockroaches
  9 goblins
  5 hobgoblins
  3 jackals
  3 kobolds (D:2)
  4 quokkas
  11 ball pythons
  4 bats
  4 frilled lizards
  5 rats
69 creatures vanquished.

Vanquished Creatures (others)
  A fungus (D:1)
  A plant (D:1)
2 creatures vanquished.

Grand Total: 71 creatures vanquished

Notes
Turn   | Place    | Note
-------+----------+-------------------------------------------
     0 | D:1      | Kay the Hill Orc Fighter began the quest for the Orb.
     0 | D:1      | Reached XP level 1. HP: 19/19 MP: 1/1
   194 | D:1      | Reached XP level 2. HP: 24/27 MP: 2/2
   496 | D:1      | Reached skill level 3 in Axes
   747 | D:1      | Reached XP level 3. HP: 30/33 MP: 3/3
   952 | D:1      | Found a faded altar of an unknown god.
  1270 | D:2      | Reached XP level 4. HP: 40/40 MP: 4/4
  1309 | D:2      | Found a runed translucent door.
  1310 | D:2      | Noticed Crazy Yiuf
  1318 | D:2      | Killed Crazy Yiuf
  1319 | D:2      | Reached skill level 4 in Axes
  2013 | D:3      | Noticed Natasha
  2026 | D:3      | Killed Natasha
  2027 | D:3      | Reached XP level 5. HP: 35/46 MP: 5/5
  2036 | D:3      | Noticed Natasha
  2042 | D:3      | Killed Natasha
  2218 | D:3      | Found a sacrificial altar of Ru.
  2238 | D:3      | Reached skill level 5 in Axes
  2260 | D:3      | Noticed Natasha
  2277 | D:3      | Killed Natasha
  2399 | D:3      | Found Vafafrir's Magic Scroll Emporium.
  2416 | D:3      | Bought a scroll of identify for 26 gold pieces
  2598 | D:3      | Reached XP level 6. HP: 42/52 MP: 6/6
  3019 | D:4      | HP: 2/52 [orc priest/divine providence (12)]
  3022 | D:4      | Slain by a scorpion

Illustrated notes

Levels and vault maps discovered:
D:1:      beargit_arrival_diablo_church, layout_basic,
          shapermc_ecumenical_altar_acropolis, serial_forest,
          infiniplex_forest_lined_ring, infiniplex_forest_corner_1,
          infiniplex_forest_straight_3, infiniplex_forest_zigzag_2,
          infiniplex_forest_end_3, infiniplex_forest_fountain,
          hangedman_feature_mirror, minmay_pentomino_q2
D:2:      layout_rooms, uniq_crazy_yiuf_cottage
D:3:      layout_basic, nicolae_ru_great_annihilating_truth, serial_shops,
          nicolae_shop_stone, minmay_misc_feat_hallway, st_stairs_11,
          uniq_natasha
D:4:      old_forge, layout_basic, mainiacjoe_overflow_concentric_impassable,
          ebering_ghost_reflecting_pool, chequers_serial_rivers_room_b

Skill      XL: |  1  2  3  4  5 |
---------------+----------------+-----
Axes           | 3 4 5 |  5.3
Armour         | 4 |  4.6
Fighting       | 4 |  4.2
Shields        | 4 |  4.3
Dodging        | |  0.6

Action                   |  1- 3 |  4- 6 || total
-------------------------+-------+-------++-------
Melee: War axe           |   118 |   102 ||   220
  Use: Potion            |       |     3 ||     3
       Scroll            |       |     2 ||     2
Armor: Scale mail        |    67 |    46 ||   113
Dodge: Dodged            |    36 |    34 ||    70
Block: Buckler           |     9 |       ||     9
       Kite shield       |    45 |    50 ||    95
